Map: Kairos Junction LE

Players

Neeb - Winner!

  • Race: Protoss Protoss
  • League: Master
  • Spawn Location: 5:00

MaSa

  • Race: Terran Terran
  • League: Master
  • Spawn Location: 11:00

Event: 2019 WCS Winter Americas

VOD

Have the link to the VOD?

Description

Time

  • Played on: April 6, 2019, 3:26 p.m.
  • Length: 14:39

All games in this series

Show
View Real Time Build Order
Export as new Build Order

Neeb Protoss - Winner!

Build Orders: 1 Gate Expand, Colossus Rush 

Get SALT Encoding   

  12  0:01  Probe  
  13  0:13  Probe  
  14  0:17  Pylon  
  14  0:24  Probe  
  15  0:32  Probe  
  15  0:37  Gateway  
  15  0:40  Probe  
  16  0:46  Assimilator  
  17  0:51  Probe  
  18  1:03  Probe  
  19  1:15  Probe  
  20  1:24  Cybernetics Core  
  20  1:33  Nexus  
  20  1:37  Probe  
  21  1:42  Pylon  
  21  1:49  Probe  
  21  1:51  Stalker, Assimilator  
  22  2:01  Probe  
  25  2:11  Stalker  
  25  2:13  Probe  
  27  2:25  Probe  
  27  2:29  Robotics Facility  
  28  2:37  Warp Gate, Probe  
  28  2:42  Probe  
  29  2:46  Stalker  
  29  2:49  Probe  
  29  2:50  Probe  
  34  2:59  Probe  
  34  3:02  Probe  
  36  3:08  Gateway  
  36  3:12  Warp Prism  
  36  3:16  Stalker  
  38  3:24  Probe x2  
  42  3:28  Pylon  
  42  3:35  Pylon  
  42  3:36  Probe x2  
  42  3:39  Immortal  
  44  3:48  Probe  
  49  3:58  Probe  
  49  4:00  Pylon  
  49  4:06  Probe, Shield Battery  
  50  4:10  Probe  
  50  4:12  Observer  
  50  4:14  Shield Battery  
  51  4:18  Probe  
  51  4:22  Probe  
  54  4:27  Sentry x2  
  54  4:28  Observer  
  54  4:30  Probe  
  59  4:31  Assimilator  
  59  4:33  Assimilator  
  59  4:36  Pylon  
  59  4:42  Robotics Bay  
  59  4:44  Forge  
  59  4:46  Probe  
  59  4:47  Nexus  
  59  4:49  Probe  
  61  4:58  Probe  
  62  5:01  Probe  
  62  5:07  Pylon  
  63  5:10  Probe  
  64  5:14  Observer  
  64  5:18  Probe  
  66  5:22  Probe  
  66  5:23  Extended Thermal Lance  
  66  5:25  Protoss Ground Armor Level 1  
  66  5:27  Colossus  
  65  5:30  Probe  
  65  5:34  Probe  
  67  5:41  Zealot  
  67  5:42  Zealot, Probe  
  78  5:45  Gateway  
  78  5:46  Probe, Gateway  
  79  5:57  Gateway  
  79  5:59  Gateway  
  79  6:01  Probe x2  
  79  6:02  Probe  
  82  6:04  Colossus  
  82  6:05  Zealot x2  
  86  6:16  Shield Battery  
  84  6:25  Probe x2  
  92  6:27  Pylon  
  92  6:34  Stalker  
  92  6:35  Stalker  
  92  6:39  Shield Battery  
  96  6:41  Shield Battery  
  96  6:42  Shield Battery  
  96  6:53  Colossus, Pylon  
  96  6:55  Pylon  
  96  6:57  Pylon  
  96  6:58  Pylon  
  96  7:01  Adept x3  
  104  7:05  Adept x2  
  108  7:13  Stalker  
  102  7:20  Probe  
  91  7:27  Stalker x4  
  83  7:41  Observer  
  83  7:43  Twilight Council  
  83  7:44  Observer  
  83  7:47  Protoss Ground Weapons Level 1, Disruptor  
  83  7:50  Nexus  
  85  7:52  Stalker x2  
  85  7:53  Stalker  
  88  8:14  Stalker x3  
  88  8:17  Zealot  
  88  8:18  Zealot x2  
  100  8:23  Zealot  
  100  8:24  Zealot x2  
  100  8:28  Colossus  
  101  8:38  Stalker  
  101  8:39  Stalker  
  100  8:46  Blink  
  94  8:53  Observer, Probe  
  85  8:58  Probe  
  86  9:05  Probe  
  86  9:09  Sentry  
  89  9:10  Sentry, Probe  
  93  9:17  Probe  
  93  9:19  Probe, Pylon  
  93  9:22  Probe  
  93  9:24  Disruptor  
  95  9:26  Gravitic Drive  
  95  9:29  Probe  
  99  9:36  Assimilator  
  99  9:38  Assimilator  
  99  9:42  Probe  
  99  9:43  Probe  
  100  9:46  Stalker x3  
  100  9:52  Probe  
  107  9:54  Probe  
  107  9:55  Protoss Ground Armor Level 2, Probe  
  109  10:01  Warp Prism  
  109  10:04  Probe  
  109  10:06  Probe  
  114  10:14  Stalker x3  
  112  10:15  Pylon  
  114  10:23  Stalker x3  
  120  10:38  Stalker x3  
  125  10:43  Pylon  
  125  10:44  Pylon  
  125  10:53  Disruptor  
  122  10:58  Stalker x3  
  131  11:06  Robotics Facility  
  131  11:10  Nexus  
  129  11:18  Disruptor  
  129  11:21  Stalker x5  
  142  11:37  Stalker  
  144  11:41  Gateway x2  
  142  11:54  Disruptor  
  130  12:03  Stalker  
  130  12:04  Stalker x5  
  132  12:15  Probe x3  
  122  12:20  Colossus  
  115  12:26  Probe  
  115  12:27  Stalker, Probe  
  115  12:28  Stalker x3  
  126  12:38  Disruptor  
  126  12:40  Stalker x2  
  133  12:48  Observer  
  133  12:56  Dark Shrine  
  133  13:04  Stalker x3  
  122  13:13  Disruptor  
  122  13:14  Disruptor  
  122  13:17  Stalker x3  
  65  13:49  Disruptor  
  65  13:50  Disruptor  
  65  13:54  Stalker  
  65  13:55  Stalker x2, Zealot x3  
Show
View Real Time Build Order
Export as new Build Order

MaSa Terran 

Build Orders: Reaper Expand 

Get SALT Encoding   

  12  0:00  SCV  
  13  0:12  SCV  
  14  0:17  Supply Depot  
  14  0:25  SCV  
  15  0:39  SCV, Barracks  
  16  0:43  Refinery  
  16  0:51  SCV  
  17  1:03  SCV  
  18  1:15  SCV  
  19  1:26  Reaper  
  19  1:27  Orbital Command  
  20  1:47  Supply Depot  
  20  1:48  Command Center  
  20  1:53  SCV  
  21  1:58  Barracks Reactor  
  21  2:05  SCV  
  22  2:09  Barracks  
  22  2:17  SCV  
  22  2:19  Refinery  
  23  2:25  Factory  
  23  2:29  SCV  
  24  2:35  Marine x2  
  26  2:42  SCV  
  27  2:53  Marine x2  
  27  2:54  SCV  
  27  2:57  Barracks Tech Lab  
  30  3:00  Orbital Command  
  30  3:06  SCV  
  30  3:11  Marine x2  
  33  3:18  SCV  
  34  3:22  Marine  
  34  3:23  Factory Tech Lab  
  34  3:24  Orbital Command, Stimpack  
  34  3:29  Marine x2  
  34  3:30  SCV  
  37  3:41  Bunker, Marine  
  37  3:42  SCV, Siege Tank  
  42  3:49  Supply Depot  
  42  3:51  SCV  
  42  3:52  Marine x2  
  42  3:55  SCV  
  46  4:00  Starport  
  46  4:10  SCV x2, Marine  
  46  4:12  Supply Depot  
  46  4:15  Siege Tank  
  52  4:20  Barracks  
  52  4:22  SCV  
  53  4:27  SCV, Refinery  
  54  4:33  Marine  
  54  4:35  Marine x2  
  54  4:36  SCV  
  58  4:45  Starport Reactor  
  58  4:47  SCV  
  58  4:50  Engineering Bay  
  58  4:51  Marine  
  60  4:53  Marine x2  
  62  5:01  Supply Depot  
  62  5:07  SCV x2, Siege Tank, Barracks Tech Lab  
  66  5:17  Marine  
  66  5:18  Marine x2  
  66  5:19  SCV x2  
  66  5:20  Terran Infantry Weapons Level 1  
  69  5:29  Marine  
  69  5:30  Medivac  
  69  5:31  SCV x2  
  69  5:33  Viking  
  76  5:35  Marine x2  
  76  5:36  Combat Shield  
  78  5:45  Supply Depot  
  78  5:47  Marine x2  
  80  5:53  SCV, Marine x2  
  80  5:54  SCV  
  83  6:00  Concussive Shells  
  83  6:01  Factory Reactor  
  83  6:05  SCV  
  83  6:07  Liberator  
  83  6:13  Marauder, Marine x2  
  83  6:14  SCV  
  83  6:17  SCV  
  88  6:20  Marine  
  88  6:21  Medivac  
  94  6:31  Supply Depot  
  94  6:32  Marine  
  94  6:53  SCV x2  
  94  6:54  Command Center, Supply Depot  
  96  7:00  Bunker  
  96  7:01  Bunker  
  96  7:05  SCV x2  
  96  7:14  Terran Infantry Armor Level 1  
  87  7:17  SCV  
  87  7:19  Marine  
  87  7:20  Marauder  
  87  7:21  SCV  
  87  7:22  Marine x2  
  76  7:29  SCV  
  71  7:33  SCV  
  68  7:37  Marine  
  68  7:40  Marine x2  
  68  7:41  Marauder, SCV  
  74  7:46  SCV  
  74  7:49  Widow Mine x2  
  79  7:54  SCV  
  79  7:55  Marine, Barracks x2  
  79  7:58  Marauder, Marine  
  84  8:03  Viking  
  84  8:04  SCV  
  87  8:06  SCV, Starport  
  87  8:07  SCV  
  87  8:12  Marauder, Marine  
  93  8:13  Widow Mine  
  93  8:15  Marine  
  93  8:16  SCV  
  94  8:25  Viking  
  92  8:29  SCV  
  92  8:33  Viking  
  93  8:39  SCV  
  90  8:44  Marauder, SCV, Marine x2  
  90  8:47  Marine  
  90  8:48  Marauder  
  79  8:51  SCV  
  74  8:55  Viking  
  74  8:56  SCV  
  74  8:59  Barracks Reactor  
  74  9:02  Marine x2  
  75  9:03  Viking  
  75  9:05  SCV  
  75  9:06  Marauder, Factory Tech Lab  
  75  9:07  Refinery  
  80  9:10  Medivac x2  
  80  9:11  Marauder  
  86  9:18  Orbital Command  
  86  9:19  SCV  
  87  9:24  Missile Turret, Marine  
  87  9:27  Marine  
  87  9:30  SCV  
  90  9:31  SCV  
  90  9:36  Armory  
  91  9:41  Siege Tank  
  91  9:42  SCV  
  91  9:43  Marauder  
  96  9:46  Marauder, Marine  
  96  9:48  Marine  
  96  9:49  Marine  
  101  9:55  Viking, Orbital Command  
  101  9:57  Viking  
  101  9:59  SCV  
  106  10:04  Marine  
  106  10:05  Marauder, Marine  
  106  10:06  SCV  
  103  10:11  Marauder  
  103  10:14  Marauder  
  107  10:15  SCV  
  107  10:16  Liberator  
  107  10:20  Siege Tank  
  111  10:23  SCV x2  
  111  10:27  Terran Infantry Weapons Level 2  
  113  10:30  Marine  
  117  10:37  SCV  
  117  10:38  SCV x2  
  117  10:39  Refinery  
  117  10:42  Refinery  
  120  10:47  Marauder x2, Marine  
  120  10:49  Marine  
  124  10:53  Marine  
  125  10:58  Supply Depot x2  
  125  10:59  Supply Depot  
  125  11:02  Liberator  
  125  11:19  Marine x2  
  125  11:20  SCV x2, Marauder x3, Marine x2  
  125  11:23  SCV  
  141  11:27  Supply Depot  
  141  11:32  SCV  
  142  11:37  Marine x4  
  146  11:41  Marauder  
  146  11:42  Marauder  
  146  11:45  Marauder  
  137  11:55  Marine x4  
  132  12:02  SCV x2  
  132  12:03  Marauder, Marine  
  132  12:06  Marine  
  124  12:10  Orbital Command  
  124  12:13  Marine x4  
  124  12:14  SCV x2  
  122  12:22  Marauder  
  120  12:24  Marauder  
  120  12:25  Marauder  
  120  12:26  SCV  
  120  12:27  SCV  
  126  12:31  Marine x3  
  126  12:32  Marine  
  130  12:37  Medivac  
  130  12:38  SCV  
  130  12:39  SCV, Medivac  
  130  12:42  SCV  
  130  12:43  Marauder  
  139  12:44  Terran Ship Weapons Level 1  
  139  12:45  Marauder  
  139  12:47  Marine  
  139  12:48  Marine  
  139  12:49  Marine  
  139  12:51  SCV  
  129  13:01  Marine  
  129  13:03  Marine  
  129  13:04  Marauder  
  120  13:05  Marauder  
  120  13:10  Marauder  
  121  13:16  Marine  
  118  13:26  SCV, Marauder  
  97  13:27  Marauder  
  97  13:30  Marine  
  71  13:36  Marauder  
  71  13:37  Orbital Command  
  71  13:40  SCV  
  54  13:52  Siege Tank  
  53  13:57  Marine  
  54  14:05  Medivac  
  54  14:06  Medivac  
  57  14:10  Marine  
  57  14:12  Marine  
  57  14:15  Marauder  
Tags
 
Add a new tag
Caveats
  • Supply blocks, unpowered buildings, or Contaminate may cause inaccurate times.
  • Supply counts are checked every 10 seconds.